 Seeded DCSS version 0.30.0-29-ga12c61a403 (webtiles) character file.

Game seed: 18007716519941398942 (custom seed)

4 Dadbod the Shield-Bearer (level 1, 18/18 HPs)
             Began as a Formicid Fighter on June 5, 2023.
             Quit the game on level 1 of the Dungeon.
             The game lasted 00:03:14 (130 turns).

Dadbod the Shield-Bearer (Formicid Fighter)          Turns: 130, Time: 00:03:15

Health: 18/18      AC: 11    Str: 20    XL:     1   Next: 77%
Magic:  1/1        EV:  9    Int: 10    God:
Gold:   0          SH:  5    Dex: 13    Spells: 0/0 levels left

rFire   + + .        h - +9 glaive of Gucremn {freeze, *Rage rElec rF++ Will+}
rCold   . . .        c - +0 buckler
rNeg    . . .        g - +5 scale mail "Buynau" {rCorr Int+3}
rPois   +            (helmet unavailable)
rElec   +            (no cloak)
rCorr   +            (no gloves)
SInv    +            (no boots)
Will    +....        (no amulet)
Stlth   +            f - ring "Ygrups" {rPois Stlth+}
HPRegen 0.23/turn    (no ring)
MPRegen 0.07/turn

%: no passive effects
@: no status effects
A: permanent stasis, dig shafts and tunnels, antennae 3, four strong arms
a: Dig, Shaft Self


You were on level 1 of the Dungeon.
You visited 1 branch of the dungeon, and saw 1 of its levels.

Inventory:

Hand Weapons
 a - a +0 trident
 h - the +9 glaive of Gucremn (weapon) {freeze, *Rage rElec rF++ Will+}
   (You acquired it on level 1 of the Dungeon)

   rF:        It greatly protects you from fire.
   rElec:     It insulates you from electricity.
   *Rage:     It berserks you when you make melee attacks (+20% chance).
   Will:      It increases your willpower.
Armour
 b - a +0 scale mail
 c - a +0 buckler (worn)
 g - the +5 scale mail "Buynau" (worn) {rCorr Int+3}
   (You acquired it on level 1 of the Dungeon)

   Int:       It affects your intelligence (+3).
   rCorr:     It protects you from acid and corrosion.
Jewellery
 f - the ring "Ygrups" (left hand) {rPois Stlth+}
   (You acquired it on level 1 of the Dungeon)

   [ring of poison resistance]

   rPois:     It protects you from poison.
   Stlth:     It makes you more stealthy.
Potions
 d - a potion of might
 e - a potion of berserk rage {unknown}


   Skills:
 + Level 3.4 Fighting
 + Level 2.0 Polearms
 + Level 3.4 Armour
 + Level 4.1 Shields


You couldn't memorise any spells.
You didn't know any spells.
Your spell library was empty.

Dungeon Overview and Level Annotations

Branches:
Dungeon (1/15)

Altars:


Innate Abilities, Weirdness & Mutations

You cannot be hasted, slowed, berserked, paralysed or teleported.
You can dig through walls and to a lower floor.
You have a pair of large antennae on your head. (SInv)
Your four strong arms can wield two-handed weapons with a shield.


Message History

f - 3 scrolls labelled DICAOL JAOKK This is a scroll of acquirement!
Something appears at your feet!
g - the +5 scale mail "Buynau" {rCorr Int+3} You start removing your armour.
You continue taking off your +0 scale mail. x4
You finish taking off your +0 scale mail.
You start putting on your armour.
You continue putting on the +5 scale mail "Buynau" {rCorr Int+3}. x5
HP restored.
You finish putting on the +5 scale mail "Buynau" {rCorr Int+3}.
You feel clever. Something appears at your feet!
h - the +9 glaive of Gucremn {freeze, *Rage rElec rF++ Will+} The +9 glaive of Gucremn {freeze, *Rage rElec rF++ Will+} glows with a cold blue light!
h - the +9 glaive of Gucremn (weapon)
{freeze, *Rage rElec rF++ Will+} Something appears at your feet!
f - the ring "Ygrups" {rPois Stlth+}
Okay, then.
You extend your mandibles.
Okay, then.
Unknown command.
Unknown command.
You retract your mandibles.
You extend your mandibles.
f - the ring "Ygrups" (left hand) {rPois Stlth+} Unknown command.
Unknown command.
Unknown command.
Unknown command.
Okay, then.
Unknown command.
Unknown command.
Unknown command.
Unknown command.
Unknown command.
Unknown command.
Unknown command.
You retract your mandibles.
Are you sure you want to abandon this character and quit the game? (Confirm with "yes".)

..##.#.#####
.# #.#.# .
#.# # #.#
#.# #######
#.# #.. ..#
###.#####
#.# #.#
#......)#
#.# #.#
#.#.##.##
#.# #@#
#.#..#.#
##.###.#{ #
##.#.#
#..)...#
.#.#
#.?###.# {
.#.# #..#
#.# .#.#
#..# ###
.#.# #..#
#.# #..# #.#
#..#


There were no monsters in sight!

Vanquished Creatures
  An endoplasm (D:1)
  A goblin (D:1)
  A hobgoblin (D:1)
  A frilled lizard (D:1)
4 creatures vanquished.

Notes
Turn   | Place    | Note
-------+----------+-------------------------------------------
     0 | D:1      | Dadbod the Formicid Fighter began the quest for the Orb.
     0 | D:1      | Reached XP level 1. HP: 18/18 MP: 1/1
   111 | D:1      | Identified 3 scrolls of acquirement
   111 | D:1      | Acquired the +5 scale mail "Buynau" {rCorr Int+3}
   123 | D:1      | Acquired the +9 glaive of Gucremn {freeze, *Rage rElec rF++
                  | Will+}
   126 | D:1      | Acquired the ring "Ygrups" {rPois Stlth+}
   130 | D:1      | Quit the game

Illustrated notes

Levels and vault maps discovered:
D:1:      psy_arrival_dodecagon, layout_basic,
          dreamdust_ecumenical_altar_sealed_demon

Action                     || total
---------------------------++-------
  Melee: Trident           ||    14
Ability: Dig               ||     3
    Use: Scroll            ||     3
 Armour: Scale mail        ||     3
  Dodge: Dodged            ||     3
  Block: Buckler           ||     2
